AoeStats
← Kurzen

Black Forest

505629864Analyzed
2v2 RM · 21d ago on Sep 10, 2026· 66m 54s· 4 players
Game mode
Random Map
Map size
Medium (4 player)
Population
200
Speed
Normal
Resources
Standard
Victory
Conquest
Starting age
Dark Age
Ending age
Imperial Age
RankedLock teamsTeams togetherTeam positionsShared explorationLock speedFull tech treeHidden civsTurbo modeCheats
Victory
Defeat
🇫🇷 Ethiopians · France
1051
+15
🇫🇷 Lithuanians · France
1008
+17
🇪🇸 Britons · Spain
1077
-18
🇦🇺 Byzantines · Australia
983
-14
Kurzen
0:45 Loom
13:20 Feudal Age
14:06 Double-Bit Axe
15:22 Wheelbarrow
18:11 Castle Age
16:06 Stone Mining
16:29 Gold Mining
16:31 Horse Collar
19:06 Scale Mail Armor
20:24 Squires
20:51 Forging
25:20 Fletching
30:28 Imperial Age
28:13 Bodkin Arrow
29:49 Chain Mail Armor
30:17 Heavy Plow
31:11 Iron Casting
32:11 Chemistry
32:06 Conscription
33:14 Bracer
33:38 Ballistics
34:23 Gold Shaft Mining
35:04 Plate Mail Armor
35:13 Bow Saw
35:18 Masonry
36:38 Royal Heirs
36:28 Town Watch
38:23 Blast Furnace
38:06 Stone Shaft Mining
38:34 Two-Man Saw
38:41 Hand Cart
39:02 Architecture
39:31 Caravan
39:05 Elite Shotel Warrior
40:58 Fortified Wall
41:30 Town Patrol
41:42 Heavy Scorpion
43:04 Torsion Engines
45:32 Siege Engineers
56:51 Murder Holes
56:46 Heated Shot
56:47 Guard Tower
57:17 Shipwright
57:08 Clinker Construction
57:08 Careening
57:31 Coinage
57:11 Guilds
56:23 Onager
56:24 Capped Ram
56:27 Halberdier
56:28 Man-at-Arms
56:55 Arson
57:52 Padded Archer Armor
57:58 Scale Barding Armor
57:26 Sappers
57:48 Crossbowman
58:34 Thumb Ring
57:49 Elite Skirmisher
59:09 Banking
58:06 Heavy Cavalry Archer
58:48 Husbandry
58:14 Light Cavalry
58:16 Cavalier
59:14 Heavy Camel Rider
59:20 Hussar
60:25 Chain Barding Armor
60:21 Leather Archer Armor
61:28 Atonement
61:39 Fervor
61:55 Illumination
61:31 Devotion
61:56 Sanctity
61:32 Herbal Medicine
62:14 Theocracy
61:09 Siege Ram
61:15 Arbalester
62:31 Ring Archer Armor
62:44 Keep
63:39 Heresy
63:29 Siege Onager
64:46 Dry Dock
63:49 Long Swordsman
65:21 Faith
66:07 Two-Handed Swordsman
TITICOOL
1:57 Loom
12:34 Feudal Age
16:32 Wheelbarrow
15:54 Double-Bit Axe
18:30 Castle Age
18:13 Forging
20:51 Bow Saw
20:55 Horse Collar
25:26 Heavy Plow
26:20 Iron Casting
25:51 Scale Barding Armor
25:40 Fletching
28:56 Bodkin Arrow
30:43 Hand Cart
30:53 Chain Barding Armor
32:12 Bloodlines
32:02 Husbandry
33:42 Stone Mining
33:43 Gold Mining
36:36 Imperial Age
35:27 Stone Shaft Mining
35:41 Caravan
36:13 Treadmill Crane
36:44 Fortified Wall
37:18 Ballistics
36:53 Murder Holes
38:14 Conscription
38:47 Hoardings
37:52 Elite Leitis
40:04 Chemistry
39:20 Masonry
40:22 Two-Man Saw
40:27 Crop Rotation
40:10 Tower Shields
40:12 Hill Forts
43:39 Plate Barding Armor
43:05 Bracer
49:29 Padded Archer Armor
50:38 Leather Archer Armor
52:00 Elite Skirmisher
52:48 Thumb Ring
54:34 Ring Archer Armor
54:41 Architecture
60:46 Bombard Tower
60:19 Heated Shot
Kikips93
0:32 Loom
15:03 Feudal Age
17:50 Double-Bit Axe
17:49 Horse Collar
21:32 Castle Age
21:49 Pikeman
23:27 Crossbowman
29:53 Fletching
30:36 Bodkin Arrow
33:50 Wheelbarrow
35:45 Hand Cart
Thauler
1:04 Loom
13:06 Feudal Age
13:48 Double-Bit Axe
18:33 Castle Age
16:19 Horse Collar
18:18 Wheelbarrow
18:56 Stone Mining
26:32 Heavy Plow
26:53 Bow Saw
27:37 Scale Barding Armor
27:36 Padded Archer Armor
27:26 Fletching
27:47 Treadmill Crane
28:00 Gold Mining
28:55 Stone Shaft Mining
29:02 Hand Cart
29:26 Gold Shaft Mining
29:57 Ballistics
30:19 Leather Archer Armor
29:59 Bodkin Arrow
30:28 Murder Holes
31:18 Caravan
31:42 Fortified Wall
34:43 Imperial Age
35:19 Scale Mail Armor
35:29 Forging
35:46 Conscription
35:23 Elite Skirmisher
36:40 Logistica
35:55 Elite Cataphract
36:29 Heavy Cavalry Archer
38:53 Pikeman
39:33 Squires
40:48 Chemistry
39:27 Halberdier
42:49 Ring Archer Armor
42:19 Bracer
42:26 Scale Barding Armor
49:43 Chain Mail Armor
50:03 Iron Casting
53:44 Two-Man Saw
62:24 Chain Mail Armor
62:45 Iron Casting
63:33 Crop Rotation
63:23 Husbandry
63:46 Chain Barding Armor
64:16 Plate Mail Armor
63:23 Light Cavalry
64:09 Hussar
Connection lost

Rejoining the realm…

Still unreachable

The connection could not be restored.

Session expired

The server has moved on; the page needs a fresh start.